 Dungeon Crawl Stone Soup version 0.17.0-9-g801d43b (webtiles) character file.

322 Iskender the Sneak (level 6, -8/41 HPs)
             Began as a Vampire Enchanter on Nov 10, 2015.
             Killed by divine providence
             ... invoked by an orc priest
              (9 damage)
             ... on level 4 of the Dungeon.
             The game lasted 00:27:12 (2761 turns).

Iskender the Sneak (Vampire Enchanter)              Turns: 2761, Time: 00:27:13

Health: -8/41      AC:  4    Str:  7    XL:     6   Next: 22%
Magic:  0/10       EV: 13    Int: 18    God:
Gold:   87         SH:  0    Dex: 16    Spells: 4 memorised, 4 levels left

rFire  . . .     SeeInvis +     b - +1 dagger
rCold  . . .     Clarity  .     r - +1 robe
rNeg   + . .     SustAt   .     (no shield)
rPois  .         Gourm    .     (no helmet)
rElec  .         Spirit   .     v - +0 cloak
rCorr  .         Warding  .     (no gloves)
rMut   .         Stasis   .     (no boots)
MR     .....                    (no amulet)
Stlth  ++++......               (no ring)
                                (no ring)

@: lethally poisoned (-8 -> -14), flying, not resistant to hostile enchantments,
stealthy
A: fangs 3, see invisible, unbreathing
a: Bat Form


You were on level 4 of the Dungeon.
You were not thirsty.

You visited 1 branch of the dungeon, and saw 4 of its levels.

You collected 87 gold pieces.

Inventory:

Hand Weapons
 a - a +0 rapier
 b - a +1 dagger (weapon)
 m - a +2 mace of protection
 u - a +4 quarterstaff of chaos
 y - a +0 long sword
Missiles
 n - 5 tomahawks (quivered)
 x - 5 steel tomahawks
Armour
 r - a +1 robe (worn)
 v - a +0 cloak (worn)
Wands
 A - a wand of slowing (29)
 C - a wand of paralysis (10)
Scrolls
 e - a scroll of identify {unknown}
 f - 2 scrolls of remove curse
 k - a scroll of immolation {unknown}
 q - a scroll of enchant armour {unknown}
 t - a scroll of recharging {unknown}
Potions
 d - 4 potions of blood
 g - a potion of brilliance {unknown}
 h - a potion of ambrosia {unknown}
 i - 2 potions of curing {unknown}
 j - 2 potions of poison {unknown}
 l - 2 potions of flight
 o - a potion of invisibility {unknown}
 p - a potion of might {unknown}
 s - a potion of mutation {unknown}
 z - a potion of heal wounds {unknown}
 B - a potion of degeneration {unknown}
Books
 c - a book of Maledictions

   Spells                             Type                      Level
   a - Corona                         Hexes                        1
   b - Ensorcelled Hibernation        Hexes/Ice                    2
   c - Confuse                        Hexes                        3
   d - Tukima's Dance                 Hexes                        3
   e - Dazzling Spray                 Conjuration/Hexes            3
 w - a book of Party Tricks

   Spells                             Type                      Level
   a - Summon Butterflies             Summoning                    1
   b - Apportation                    Translocation                1
   c - Tukima's Dance                 Hexes                        3
   d - Alistair's Intoxication        Transmutation/Poison         4
   e - Invisibility                   Hexes                        6


   Skills:
 - Level 4.1 Short Blades
 - Level 2.1 Dodging
 + Level 7.8 Stealth
 - Level 3.2 Spellcasting
 - Level 4.4 Hexes


You had 4 spell levels left.
You knew the following spells:

 Your Spells              Type           Power        Failure   Level  Hunger
b - Summon Butterflies    Summ           #.......     17%         1    None
e - Ensorcelled Hibernat  Hex/Ice        ##....       12%         2    ##.....
C - Dazzling Spray        Conj/Hex       ##......     21%         3    ###....
Z - Corona                Hex            ###....      2%          1    None


Dungeon Overview and Level Annotations

Branches:
Dungeon (4/15)
 Temple: D:4-7

Altars:
Ashenzari
Nemelex Xobeh
Xom
Zin


Innate Abilities, Weirdness & Mutations

You have razor-sharp teeth.
You have supernaturally acute eyesight.
You can survive without breathing.


Message History

Something smites you!
* * * LOW HITPOINT WARNING * * *
Drink which item? (? for menu, Esc to quit)
Okay, then.
Read which item? (? for menu, Esc to quit)
Okay, then.
The worker ant bites you.
* * * LOW HITPOINT WARNING * * *
You are lethally poisoned!
The worker ant poisons you! The worker ant bites you.
* * * LOW HITPOINT WARNING * * *
Drink which item? (? for menu, Esc to quit)
It was a potion of flight.
You feel very buoyant.
You fly up into the air.
* * * LOW HITPOINT WARNING * * *
You feel sick. The giant cockroach closely misses you.
The orc priest invokes the aid of Beogh against you.
Something smites you!
You die...

.<.....................
........................
...###...###.......$....
....#..........#........
..#.#...................
..#.#...................
..#.#...................
....#..........)........
#..........#@.......
...........+sa......
...........#o.......
..........#........
..#...........###.
#...........# ♣
#...........# P
.............♣.♣ .
........#...#....


You could see a worker ant, an orc priest and a giant cockroach.

Vanquished Creatures
  An orc warrior (D:4)
  A scorpion (D:4)
  A crimson imp (D:4)
  Crazy Yiuf (D:2)
  5 adders
  2 worms
  9 orcs
  A ball python (D:1)
  3 hobgoblins
  4 jackals (D:1)
  8 bats
  4 giant cockroaches
  5 giant geckos
  3 giant newts
  6 goblins
  7 kobolds
  A quokka (D:3)
  7 rats
  A fungus (D:2)
  A plant (D:4)
71 creatures vanquished.

Notes
Turn   | Place    | Note
--------------------------------------------------------------
     0 | D:1      | Iskender the Vampire Enchanter began the quest for the Orb.
     0 | D:1      | Reached XP level 1. HP: 13/13 MP: 3/3
   131 | D:1      | Reached skill level 5 in Stealth
   147 | D:1      | Reached XP level 2. HP: 7/19 MP: 1/5
   364 | D:1      | Learned a level 2 spell: Ensorcelled Hibernation
   571 | D:1      | Reached skill level 6 in Stealth
   733 | D:2      | Found a sparkling altar of Nemelex Xobeh.
   750 | D:2      | Reached XP level 3. HP: 24/24 MP: 6/6
   803 | D:2      | Learned a level 3 spell: Dazzling Spray
  1343 | D:2      | Noticed Crazy Yiuf
  1349 | D:2      | Killed Crazy Yiuf
  1349 | D:2      | Reached XP level 4. HP: 30/30 MP: 4/7
  1477 | D:3      | Learned a level 1 spell: Summon Butterflies
  1699 | D:3      | Found a shimmering altar of Xom.
  1704 | D:3      | Noticed an angel
  1711 | D:3      | Found a glowing silver altar of Zin.
  1970 | D:3      | Reached XP level 5. HP: 35/35 MP: 5/8
  2521 | D:4      | Found a shattered altar of Ashenzari.
  2749 | D:4      | Noticed an orc warrior
  2752 | D:4      | Killed an orc warrior
  2752 | D:4      | Reached skill level 7 in Stealth
  2752 | D:4      | Reached XP level 6. HP: 25/41 MP: 10/10
  2760 | D:4      | HP: 2/41 [worker ant (1)]
  2761 | D:4      | Killed from afar by an orc priest

Action                   |  1- 3 |  4- 6 || total
-------------------------+-------+-------++-------
Melee: Dagger            |   102 |   105 ||   207
       Rapier            |       |    62 ||    62
 Cast: Corona            |     8 |       ||     8
       Ensorcelled Hiber |     8 |    16 ||    24
       Dazzling Spray    |     1 |     3 ||     4
Evoke: Wand              |       |     2 ||     2
  Use: Potion            |     3 |     3 ||     6
       Scroll            |     3 |       ||     3
 Stab: Sleeping          |    23 |    13 ||    36
       Invisible         |       |     3 ||     3
  Eat: Corpse            |     3 |       ||     3
